 Dungeon Crawl Stone Soup version 0.29-a0-283-ga02f740833 (webtiles) character file.

Game seed: 18002211472795279035

8 kae the Skirmisher (level 2, 0/24 HPs)
             Began as a Merfolk Abyssal Knight on Mar 13, 2022.
             Was a Believer of Lugonu.
             Slain by a bat (1 damage)
             ... on level 1 of the Dungeon.
             The game lasted 00:00:31 (200 turns).

kae the Skirmisher (Merfolk Abyssal Knight)          Turns: 200, Time: 00:00:32

Health: 0/24       AC:  3    Str: 13    XL:     2   Next: 8%
Magic:  3/3        EV: 12    Int:  9    God:    Lugonu [**....]
Gold:   0          SH:  0    Dex: 14    Spells: 1/1 levels left

rFire   . . .      SeeInvis .   a - +1 falchion
rCold   . . .      Faith    .   (no shield)
rNeg    . . .      Spirit   .   b - +0 leather armour
rPois   .          Reflect  .   (no helmet)
rElec   .          Harm     .   (no cloak)
rCorr   .          Rampage  .   (no gloves)
Will    .....                   (no boots)
Stlth   +.........              (no amulet)
HPRegen 0.08/turn               (no ring)
MPRegen 0.08/turn               (no ring)

@: no status effects
A: (nimble swimmer 2), mertail
a: Renounce Religion, Depart the Abyss, Bend Space


You were on level 1 of the Dungeon.
You worshipped Lugonu.
Lugonu was pleased with you.
You visited 1 branch of the dungeon, and saw 1 of its levels.
You visited the Abyss 1 time.

Inventory:

Hand Weapons
 a - a +1 falchion (weapon)
Armour
 b - a +0 leather armour (worn)


   Skills:
 + Level 3.4 Fighting
 * Level 2.8 Long Blades
 - Level 0.6 Armour
 + Level 2.9 Dodging
 + Level 2.1 Invocations


You had one spell level left.
You didn't know any spells.
Your spell library was empty.

Dungeon Overview and Level Annotations

Branches:
Dungeon (1/15)

Altars:


Innate Abilities, Weirdness & Mutations

((You are very nimble when in or above water. (Stealth+, EV+, Speed+++)))
Your lower body shifts to a powerful aquatic tail in water.


Message History

Aim: a goblin, wielding a +0 club (grey smoke, about 45% to evade your +1 falchion)
Okay, then.
You barely miss the goblin. The goblin closely misses you.
You hit the goblin.
You kill the goblin!
Lugonu accepts your kill.
You hit the kobold.
You kill the kobold!
Lugonu accepts your kill.
You have reached level 2!
You hit the goblin.
You kill the goblin!
Lugonu accepts your kill. The bat barely misses you.
The bat hits you but does no damage.
There is an open door, spattered with blood here.
Items here: ))) ††.
The bat misses you. The bat closely misses you. x2
The bat completely misses you. The bat attacks as you move away!
The bat misses you. The bat hits you but does no damage.
There is an open door, spattered with blood here.
Items here: ))) ††.
You miss the bat. The bat barely misses you.
You closely miss the bat. The bat hits you.
* * * LOW HITPOINT WARNING * * *
You close the door, pushing everything out of the way.
You see here a +0 club.
You start resting.
A bat is nearby!
The bat barely misses you. The bat hits you but does no damage.
You miss the bat. The bat hits you but does no damage.
The bat closely misses you.
You miss the bat. The bat barely misses you. The bat hits you.
* * * LOW HITPOINT WARNING * * *
The bat barely misses you. The bat misses you. The bat hits you.
You die...

....##..............
................B.#
#.....§§§.§....b.. .
#......§§§§.......
..##......§b§§.......
...........§§§§§.......
...........##+######.##
...........##)#
.........†§b@.#
#...#+##..#### #.#
#......#..# #.#
#......#..# ##.##
#........## ##...##
###......### ##.....##
#........# ##.......##
#........# .
##.........##
#......####.
##...........##


You could see a bat.

Vanquished Creatures
  An endoplasm (D:1)
  2 goblins (D:1)
  A hobgoblin (D:1)
  A quokka (D:1)
  A frilled lizard (D:1)
  A kobold (D:1)
7 creatures vanquished.

Notes
Turn   | Place    | Note
-------+----------+-------------------------------------------
     0 | Abyss:1  | kae the Merfolk Abyssal Knight began the quest for the Orb.
     0 | Abyss:1  | Reached XP level 1. HP: 18/18 MP: 2/2
    56 | Abyss:1  | Noticed a large abomination
    66 | Abyss:1  | Noticed a starcursed mass
    66 | Abyss:1  | Noticed a worldbinder
    68 | Abyss:1  | Noticed a swamp drake
    68 | Abyss:1  | Noticed a swamp drake
    68 | Abyss:1  | Noticed a swamp drake
    68 | D:1      | Escaped the Abyss
   172 | D:1      | Reached ** piety under Lugonu
   183 | D:1      | Reached XP level 2. HP: 2/24 MP: 3/3
   190 | D:1      | HP: 1/24 [bat (1)]
   197 | D:1      | HP: 1/24 [bat (1)]
   200 | D:1      | Slain by a bat

Illustrated notes

Levels and vault maps discovered:
D:1:      dpeg_arrival_central, layout_basic,
          hellmonk_ecumenical_altar_crossroads, st_stairs_2

Action                   || total
-------------------------++-------
Melee: Falchion          ||    19
       Punch             ||     1
Invok: Depart the Abyss  ||     1
  Use: Scroll            ||     1
Armor: Leather armour    ||     6
Dodge: Dodged            ||    22

Table legend: (Time is in decaauts)
 A = Elapsed time spent in this place.
 B = Non-inter-level travel time spent in this place.
 C = Inter-level travel time spent in this place.
 D = Time resting spent in this place.
 E = Time spent auto-exploring this place.
 F = Levels seen in this place.
 G = Mean time per level.
                   A        B        C        D        E       F      G
               +--------+--------+--------+--------+--------+-----+--------+
         Total |    195 |    195 |      0 |      3 |    110 |   2 |   97.5 |
       Dungeon |    135 |    135 |      0 |      3 |     79 |   1 |  135.0 |
         Abyss |     60 |     60 |      0 |      0 |     31 |   1 |   60.0 |
               +--------+--------+--------+--------+--------+-----+--------+

Top non-repeatable levels by time:
     D:1: 135 daAuts
 Abyss:1: 60 daAuts
